[Event "Live Chess"]
[Site "Chess.com"]
[Date "2024.06.01"]
[Round "-"]
[White "NeilDruggan73"]
[Black "Colm_Buckley"]
[Result "0-1"]
[WhiteElo "1711"]
[BlackElo "1816"]
[TimeControl "300"]
[EndTime "11:37:29 PDT"]
[Termination "Colm_Buckley won on time"]

1. d4 e6 2. Nf3 Nf6 3. Bg5 c5 4. e4 h6 5. Bxf6 Qxf6 6. e5 Qd8 7. c3 cxd4 8. cxd4 d6 9. Nc3 dxe5 10. dxe5 Qxd1+ 11.
Rxd1 a6 12. a3 Bd7 13. Bc4 Be7 14. Rd2 b5 15. Bb3 Nc6 16. O-O Na5 17. Ba2 O-O-O 18. Rfd1 Bc6 19. Nd4 Kc7 20. b4 Nc4 21. Bxc4 bxc4 22.
Nxc6 Rxd2 23. Rxd2 Kxc6 24. Rd4 Rd8 25. Rxc4+ Kb6 26.
g3 f6 27. f4 g5 28. Kg2 Rd2+ 29. Kh3 f5 30. fxg5 hxg5 31. g4 Rd3+ 32. Kg2 Re3 33. gxf5 Rxe5 34. fxe6 Rxe6 35. a4 Rd6 36. Ne4 Rd5 37.
Kf3 a5 38. b5 Kb7 39. Kg4 Rd1 40. h3 Rg1+ 41. Kf5 Rh1 42. Ke6 Bd8 43. Nd6+ Ka7 44. Rc8 Bb6 45. Rc6 Be3 46. Nc8+ Kb7 47. Nd6+ Kb8 0-1

[Event "Live Chess"]
[Site "Chess.com"]
[Date "2024.06.01"]
[Round "-"]
[White "PatientChessPapa"]
[Black "nigelst"]
[Result "0-1"]
[WhiteElo "783"]
[BlackElo "1672"]
[TimeControl "300"]
[EndTime "11:37:31 PDT"]
[Termination "nigelst won on time"]

1. e4 c6 2. d4 d5 3. exd5 cxd5 4. c4 Nf6 5. Nc3 Nc6 6. Nf3 Bg4 7. cxd5 Nxd5 8.
Qb3 Bxf3 9. gxf3 e6 10. Qxb7 Nxd4 11. Bb5+ Nxb5 12. Qc6+ Ke7 13. Qc5+ Nd6 14. Nxd5+ exd5 15. Qxd5 Rb8 16. O-O Rb5 17. Re1+ Kd7 18. Qd3 Be7 19. Bf4 Re8 20. Rad1 Rb6 21. Qf5+ Kc6 22. Qd5+ Kc7 23. Rc1+ Kb8 24. Be3 Rb5 25. Qd4 Qb6 0-1

[Event "Live Chess"]
[Site "Chess.com"]
[Date "2024.06.01"]
[Round "-"]
[White "LanceMaster23"]
[Black "TigerTank70"]
[Result "0-1"]
[WhiteElo "1784"]
[BlackElo "2219"]
[TimeControl "300"]
[EndTime "11:37:33 PDT"]
[Termination "TigerTank70 won by resignation"]

1. Nf3 d6 2. g3 e5 3. Bg2 Nc6 4. O-O Bg4 5. c4 Qd7 6. Nc3 h5 7. h4 Bh3 8. d4 Bxg2 9. Kxg2 exd4 10. Nxd4 Be7 11. e4 Bf6 12. Be3 Nge7 13. Nd5 Nxd5 14. exd5 Ne5 15. Qc2 Ng4 16. Rae1 O-O 17. Qf5 Qxf5 18. Nxf5 Bxb2 19. Rb1 Bf6 20. Rxb7 g6 21. Nh6+ Nxh6 22. Bxh6 Rfc8 23. Re1 c6 24. Bf4 cxd5 25.
cxd5 Rc2 26. a4 Ra2 27. Bxd6 Bd4 28. Ree7 Rxf2+ 29. Kh3 Rd8 30. Be5 Bc5 31. Red7 Re8 32. Bc3 Ree2 33. Rd8+ Bf8 34. Rxf8+ Kxf8 35. Rb8+ Ke7 36.
Bb4+ Kd7 37. Rb7+ Kc8 0-1

[Event "Live Chess"]
[Site "Chess.com"]
[Date "2024.06.01"]
[Round "-"]
[White "FlyingChessKestrel13"]
[Black "PureDashingOctopus"]
[Result "0-1"]
[WhiteElo "2078"]
[BlackElo "2257"]
[TimeControl "300"]
[EndTime "11:37:35 PDT"]
[Termination "PureDashingOctopus won by resignation"]

1. e4 c5 2. Nf3 d6 3. d4 cxd4 4. Nxd4 Nf6 5. Nc3 a6 6. g3 e5 7. Nde2 Be7 8. Bg2 O-O 9. O-O Nc6 10. Nd5 Nxd5 11. exd5 Nb8 12. c4 Nd7 13. Be3 f5 14. f4 e4 15. b4 Nf6 16. h3 b5 17.
cxb5 axb5 18. Nd4 Nxd5 19. Qe2 Nxe3 20. Qxe3 Bf6 21. Nc6 Qd7 22. Rac1 Bb7 23. Qb6 Bxc6 24. Qxc6 Qxc6 25. Rxc6 d5 26. Rd1 d4 27. g4 g6 28. gxf5 gxf5 29. Kh2 Rxa2 30. Kh1 d3 31. Rg1 Ra1 32. Bf1+ Kh8 33. Rd6 Bh4 34. Bg2 Rxg1+ 35. Kxg1 e3 0-1

[Event "Live Chess"]
[Site "Chess.com"]
[Date "2024.06.01"]
[Round "-"]
[White "McFim"]
[Black "dhairyapandyauk"]
[Result "1-0"]
[WhiteElo "1591"]
[BlackElo "1646"]
[TimeControl "300"]
[EndTime "11:37:36 PDT"]
[Termination "McFim won by resignation"]

1. e4 e5 2. Nf3 Nc6 3. Bb5 a6 4. Ba4 Nf6 5. O-O d6 6. Re1 Bd7 7.
c3 Be7 8. h3 O-O 9. d4 exd4 10.
cxd4 b5 11. Bb3 Ne8 12. Nc3 Kh8 13. Nd5 f5 14. Nxe7 Nxe7 15. e5 dxe5 16. Nxe5 Nd6 17. Bg5 Qe8 18. Nxd7 Qxd7 19. Rxe7 1-0

[Event "Live Chess"]
[Site "Chess.com"]
[Date "2024.06.01"]
[Round "-"]
[White "A3ndrey9"]
[Black "powerchs"]
[Result "1-0"]
[WhiteElo "1294"]
[BlackElo "1243"]
[TimeControl "300"]
[EndTime "11:37:46 PDT"]
[Termination "A3ndrey9 won by resignation"]

1. Nf3 c5 2. d4 cxd4 3. Nxd4 Nf6 4. c4 g6 5. Nc3 Bg7 6. Bf4 O-O 7. e4 d6 8. e5 dxe5 9. Bxe5 Ng4 10. Bxg7 Kxg7 11.
g3 e5 12. Nf3 Qxd1+ 13. Rxd1 Nc6 14. Bg2 Bf5 15. O-O e4 16. Nd4 Rad8 17. Nxf5+ gxf5 18. h3 Nf6 19. f4 Nb4 20. a3 Rxd1 21. Rxd1 Nd3 22. Nb5 a6 23. Nd6 Nxb2 24. Rb1 Rd8 25. Nxf5+ Kg6 26. Ne7+ Kg7 27. Rxb2 Rd1+ 28. Kh2 e3 29. Bf3 Rd2+ 30. Rxd2 exd2 31. Kg2 Ne4 32. Nf5+ Kf8 33. Ne3 Nc3 34. Nd1 1-0

[Event "Live Chess"]
[Site "Chess.com"]
[Date "2024.06.01"]
[Round "-"]
[White "Bradfield133"]
[Black "MellowAesthetic"]
[Result "0-1"]
[WhiteElo "1975"]
[BlackElo "2074"]
[TimeControl "300"]
[EndTime "11:37:47 PDT"]
[Termination "MellowAesthetic won on time"]

1. c4 e5 2. g3 Nf6 3. Bg2 d5 4. cxd5 Nxd5 5. Nf3 Nc6 6. O-O Be6 7. d4 e4 8. Ne5 f5 9. Qa4 Qd6 10. Nxc6 bxc6 11.
Nc3 Be7 12. Nxd5 Qxd5 13. Bd2 O-O 14. Rfc1 c5 15. Bc3 Rad8 16. dxc5 Bxc5 17. Rd1 Qc4 18. Qc2 Bb6 19. b3 Qc5 20. Rf1 Bc8 21. Rac1 f4 22. Bxe4 fxg3 23. hxg3 Rxf2 24. Bxh7+ Kf7 25. Qg6+ Ke7 26.
Kh1 Rxf1+ 27. Rxf1 Kd7 28. Qf7+ Qe7 0-1

[Event "Live Chess"]
[Site "Chess.com"]
[Date "2024.06.01"]
[Round "-"]
[White "hisaveliy"]
[Black "Richardallis"]
[Result "0-1"]
[WhiteElo "633"]
[BlackElo "2039"]
[TimeControl "300"]
[EndTime "11:37:55 PDT"]
[Termination "Richardallis won by checkmate"]

1. e4 d5 2. e5 Bf5 3. Nf3 e6 4.
d4 c5 5. c3 Nc6 6. Nbd2 Bg4 7. h3 Bh5 8. g4 Bg6 9. Nb3 Qb6 10. Bd3 Bxd3 11. Qxd3 c4 12. Qc2 cxb3 13. Qxb3 Qxb3 14. axb3 Nge7 15. O-O Ng6 16. b4 a6 17.
b5 Nb8 18. b4 Be7 19. Bd2 O-O 20. bxa6 Rxa6 21. Rxa6 Nxa6 22. b5 Nc7 23. b6 Na6 24. h4 Rc8 25. h5 Nf8 26. g5 Nd7 27. h6 g6 28. Ne1 Nxb6 29. Nd3 Nc4 30. Bc1 b5 31. Nc5 Bxc5 32. dxc5 Rxc5 33. Be3 Nxe3 34. fxe3 Rxc3 35. Re1 b4 36. e4 dxe4 37. Rxe4 b3 38. Ra4 Rc6 39. Ra1 b2 40. Rb1 Rc1+ 41.
Rxc1 bxc1=Q+ 42. Kf2 Qf4+ 43. Kg2 Qxg5+ 44. Kf3 Qxe5 45. Kg4 Qh5+ 46. Kf4 f6 47. Ke4 Nc7 48. Kd4 Kf7 49. Kc4 Qd5+ 50. Kb4 Qb5+ 51. Ka3 Nd5 52. Ka2 Nc3+ 53. Ka3 Na4 54. Ka2 Qb2# 0-1

[Event "Live Chess"]
[Site "Chess.com"]
[Date "2024.06.01"]
[Round "-"]
[White "bonantagulo"]
[Black "Nazarenko_vital"]
[Result "1-0"]
[WhiteElo "2068"]
[BlackElo "1472"]
[TimeControl "300"]
[EndTime "11:38:03 PDT"]
[Termination "bonantagulo won on time"]

1. d4 Nf6 2. c4 e5 3. dxe5 Ng4 4. Bf4 Nc6 5. Nf3 Bb4+ 6. Nbd2 Qe7 7. e3 Ngxe5 8. Be2 d6 9. O-O Bxd2 10. Qxd2 Bg4 11. Nxe5 Nxe5 12. Bxe5 Bxe2 13. Bxd6 cxd6 14. Qxe2 O-O 15.
Rfd1 f5 16. Qf3 Rad8 17. Rd5 g6 18. Rad1 Rf6 19. c5 Kg7 20. g3 b6 21. b4 bxc5 22.
bxc5 Qb7 23. Qf4 Qa6 24. Rxd6 Rdxd6 25. Rxd6 Rxd6 26. cxd6 Kf6 27. Qd4+ Ke6 28. d7 Qc6 29.
d8=Q Qc1+ 30. Kg2 Qc6+ 31. Kh3 a5 32. Qg8+ 1-0

[Event "Live Chess"]
[Site "Chess.com"]
[Date "2024.06.01"]
[Round "-"]
[White "GerardATHart"]
[Black "Ferrarifan27"]
[Result "0-1"]
[WhiteElo "1426"]
[BlackElo "2067"]
[TimeControl "300"]
[EndTime "11:38:12 PDT"]
[Termination "Ferrarifan27 won by resignation"]

1. e4 e5 2. Nf3 Nc6 3. Bb5 a6 4. Ba4 Nf6 5. d3 b5 6. Bb3 Bc5 7.
c3 O-O 8. O-O d6 9. Nbd2 Bg4 10. h3 Bh5 11. Re1 Re8 12. Nf1 d5 13. Ng3 dxe4 14. dxe4 Bg6 15. Nh4 Qxd1 16. Rxd1 Bxe4 17.
Nxe4 Nxe4 18. Nf3 Nxf2 0-1

[Event "Live Chess"]
[Site "Chess.com"]
[Date "2024.06.01"]
[Round "-"]
[White "ogpin"]
[Black "mrsmarple1968"]
[Result "1-0"]
[WhiteElo "2218"]
[BlackElo "1785"]
[TimeControl "300"]
[EndTime "11:38:15 PDT"]
[Termination "ogpin won on time"]

1. a4 d5 2. Ra3 e5 3. g3 Bxa3 4. Nxa3 c6 5. Bg2 Nf6 6. b3 Be6 7. Bb2 Qd6 8. e3 Nbd7 9. Ne2 O-O 10. O-O a6 11. h3 b5 12. f4 exf4 13. Nxf4 b4 14. Nb1 c5 15. d3 Rac8 16. Nd2 Qb6 17.
Qa1 c4 18. Bd4 Qc6 19. bxc4 Qd6 20. cxd5 Bxd5 21. Nxd5 Nxd5 22. Bxg7 Rfe8 23. Ne4 Qg6 24. Bh8 Ne7 25. Nf6+ Nxf6 26. Rxf6 Qxg3 27. Rf4 Rc3 28. Rg4+ Kf8 29. Rxg3 Nf5 30. Bxc3 bxc3 31. Rf3 Nxe3 32. Qxc3 Nd5 33. Qc5+ 1-0

[Event "Live Chess"]
[Site "Chess.com"]
[Date "2024.06.01"]
[Round "-"]
[White "viktorskliarov"]
[Black "Pandreq"]
[Result "1-0"]
[WhiteElo "2646"]
[BlackElo "1130"]
[TimeControl "300"]
[EndTime "11:38:21 PDT"]
[Termination "viktorskliarov won by resignation"]

1. e4 Nf6 2. Nc3 Nc6 3. d4 d6 4. f3 e5 5. Nge2 exd4 6. Nxd4 Bd7 7. Be3 Ne5 8. Qd2 Be7 9. O-O-O O-O 10. h3 Nh5 11. f4 Ng3 12. fxe5 Nxh1 13. Bc4 Ng3 14. Qe1 Bh4 15. Nf3 Nf5 16. Nxh4 Nxh4 17. Qg3 dxe5 18. Bg5 Qe8 19. Bxh4 Bc6 20. Bf6 g6 21. Qg5 1-0

[Event "Live Chess"]
[Site "Chess.com"]
[Date "2024.06.01"]
[Round "-"]
[White "Bob2pen"]
[Black "Sweet-O"]
[Result "1-0"]
[WhiteElo "1892"]
[BlackElo "1538"]
[TimeControl "300"]
[EndTime "11:38:29 PDT"]
[Termination "Bob2pen won by resignation"]

1. e4 e5 2. Nf3 Nf6 3. d4 Nxe4 4. Bd3 f5 5. Nxe5 Qh4 6. O-O d6 7. Nf3 Qg4 8. Re1 d5 9. c4 c6 10. cxd5 cxd5 11. Nc3 Bb4 12. Nxd5 Bxe1 13. Qxe1 Kd7 14. Ne5+ 1-0

[Event "Live Chess"]
[Site "Chess.com"]
[Date "2024.06.01"]
[Round "-"]
[White "StoreySniper"]
[Black "Crowded_House"]
[Result "1-0"]
[WhiteElo "2557"]
[BlackElo "1755"]
[TimeControl "300"]
[EndTime "11:38:47 PDT"]
[Termination "StoreySniper won by resignation"]

1. e4 e6 2. Nf3 d5 3. e5 c5 4. b4 cxb4 5. d4 Nc6 6. a3 bxa3 7. c3 Nge7 8. Bd3 Ng6 9. h4 Nge7 10. h5 h6 11. Rh3 Nf5 12. Bxf5 exf5 13. Rg3 Be6 14. Bxa3 Bxa3 15. Nxa3 O-O 16. Qd2 Kh8 17. Nb5 a6 18.
Nd6 Qd7 19. Nh4 Ne7 20. f4 Nc8 21. Nxc8 Raxc8 22. Nf3 Rc4 23. Qb2 Rfc8 24. Nd2 R4c6 25. Nb3 Qc7 26. Kd2 Rb6 27. Qa3 Qc4 28. Rb1 Qc7 29.
Rb2 Qc4 30. Rd3 Qc7 31. Nc5 Rxb2+ 32. Qxb2 Qc6 33. Qxb7 Qxb7 34. Nxb7 Rb8 35. Nc5 Rb2+ 36. Kc1 Rxg2 37. Nxa6 Rg4 38. Rf3 Rh4 39. Nc7 Rxh5 40. c4 dxc4 41. d5 Bc8 42. Ra3 Rh4 43. Ra8 Rxf4 44. Rxc8+ Kh7 45. d6 Rd4 46. Nb5 Rd5 47.
Nc3 Rxe5 48. d7 Re1+ 49. Kc2 Rh1 50. d8=Q Rh2+ 51. Kd1 Rh1+ 52. Kd2 Rh2+ 53. Ne2 Rh4 54.
Qxh4 1-0

[Event "Live Chess"]
[Site "Chess.com"]
[Date "2024.06.01"]
[Round "-"]
[White "GEMdzq"]
[Black "JanMur7"]
[Result "0-1"]
[WhiteElo "2288"]
[BlackElo "2277"]
[TimeControl "300"]
[EndTime "11:38:49 PDT"]
[Termination "JanMur7 won by checkmate"]

1. e4 g6 2. d4 Bg7 3. c3 c5 4. Nf3 cxd4 5. cxd4 d5 6. exd5 Nf6 7. Nc3 O-O 8. Bc4 Nbd7 9. O-O Nb6 10. Bb3 Nbxd5 11. Bg5 h6 12. Bxf6 Nxf6 13. Ne5 e6 14. Qd2 Bd7 15.
Rfe1 Bc6 16. Nxf7 Rxf7 17. Bxe6 Qd6 18. Bxf7+ Kxf7 19. d5 Nxd5 20. Nxd5 Qxd5 21. Qf4+ Kg8 22. Qg3 Kh7 23. Rad1 Qf7 24. b3 a5 25. h4 h5 26. Rd6 Re8 27. Rxe8 Qxe8 28. Rd1 Qe2 29. Rc1 Qxa2 30. Qd3 a4 31. Rc5 Qxb3 32. Rxh5+ Bh6 33. Rxh6+ Kxh6 34. Qd2+ Kh7 35. Qg5 Qf7 36. h5 gxh5 37. Qa5 Qg6 38. g3 h4 39. Qe1 hxg3 40. fxg3 Qe4 41. Qc3 Qg2# 0-1

[Event "Live Chess"]
[Site "Chess.com"]
[Date "2024.06.01"]
[Round "-"]
[White "jonny_dzz"]
[Black "dl_chess"]
[Result "1-0"]
[WhiteElo "1865"]
[BlackElo "1171"]
[TimeControl "300"]
[EndTime "11:39:10 PDT"]
[Termination "jonny_dzz won by resignation"]

1. d4 Nf6 2. e3 g6 3. f4 Bg7 4. Bd3 d6 5. Nf3 O-O 6. O-O e5 7. Nbd2 Re8 8. fxe5 dxe5 9. Nxe5 Nc6 10. Nxc6 bxc6 11.
c3 a5 12. Nf3 Ba6 13. Bxa6 Rxa6 14. Qd3 Rb6 15. Qc4 Nd5 16. Qd3 Qd6 17. e4 Nf4 18. Bxf4 Qxf4 19. Ne5 Qg5 20. Nxf7 Qg4 21. Rf2 Rf8 22. Raf1 Qd7 23. Ne5 Qe7 24. Qc4+ Kh8 25. Rxf8+ Bxf8 26. Rf7 Qe8 27. Rxc7 Rxb2 28. Nf7+ Qxf7 29.
Qxf7 Rb1+ 30. Kf2 Rb2+ 31. Kf3 1-0

[Event "Live Chess"]
[Site "Chess.com"]
[Date "2024.06.01"]
[Round "-"]
[White "LL220284LL"]
[Black "grandmaster1707"]
[Result "1-0"]
[WhiteElo "2578"]
[BlackElo "1467"]
[TimeControl "300"]
[EndTime "11:39:27 PDT"]
[Termination "LL220284LL won by resignation"]

1. b3 d5 2. Bb2 e6 3. Nf3 Nf6 4. e3 Be7 5. Rg1 b6 6. g4 h6 7. d3 Bb7 8. Nbd2 Nbd7 9. c4 c5 10. Be2 Qc7 11. Qc2 O-O-O 12. O-O-O e5 13. cxd5 Nxd5 14.
a3 g6 15. Nc4 Bf6 16. Kb1 b5 17. Ncd2 b4 18. Ne4 bxa3 19. Bxa3 Be7 20. Rc1 Kb8 21. Nxc5 Bxc5 22. Bxc5 Nxc5 23. Qxc5 Qd7 24. Nxe5 Qe6 25. Nc6+ Bxc6 26. Qxc6 Rd6 27. Qc4 Rb6 28. Bf3 Rd8 29.
Bxd5 Qxd5 30. Qxd5 Rxd5 31. Rc3 a5 32. Kc2 h5 33. g5 Rdb5 34. h4 a4 35. Rb1 a3 36.
Ra1 Ra6 37. f4 Re6 38. e4 Ra6 39. b4 Rxb4 40. Rcxa3 Rc6+ 41. Rc3 Rcb6 42. Kd2 Rb2+ 43. Rc2 R2b4 44. Rac1 f5 45. Rc8+ Kb7 46. R1c7+ Ka6 47. Ra8+ Kb5 48. Ke3 Rb3 49. e5 Rb1 50. Ra2 Re1+ 51.
Kd4 Rh1 52. Rc5+ Kb4 53. Rb2+ 1-0

[Event "Live Chess"]
[Site "Chess.com"]
[Date "2024.06.01"]
[Round "-"]
[White "KwikPhoenix"]
[Black "Stanbad1"]
[Result "0-1"]
[WhiteElo "2433"]
[BlackElo "2690"]
[TimeControl "300"]
[EndTime "11:39:29 PDT"]
[Termination "Stanbad1 won by checkmate"]

1. Nc3 Nf6 2. e4 e5 3. f4 d5 4. fxe5 Nxe4 5. Qf3 f5 6. d4 c5 7. Nge2 Nc6 8. Be3 cxd4 9. Bxd4 Nxd4 10. Nxd4 Bc5 11.
O-O-O O-O 12. Nb3 Be6 13. Nxc5 Nxc5 14. Nxd5 Qa5 15. Kb1 Ne4 16. Bc4 Kh8 17. Ka1 Rac8 18. Bb3 Nd2 19. Qd3 Nxb3+ 20. Qxb3 b5 21. Qb4 Qa6 22. Ne7 Qxa2# 0-1

[Event "Live Chess"]
[Site "Chess.com"]
[Date "2024.06.01"]
[Round "-"]
[White "Grace6363"]
[Black "Golden_Plans"]
[Result "0-1"]
[WhiteElo "1151"]
[BlackElo "2238"]
[TimeControl "300"]
[EndTime "11:39:32 PDT"]
[Termination "Golden_Plans won by resignation"]

1. d4 Nf6 2. c4 e5 3. dxe5 Ng4 4. Bf4 Nc6 5. Nf3 Bc5 6. e3 Qe7 7. Nbd2 Ngxe5 8. Nxe5 Nxe5 9. Be2 Ng6 10. O-O Nxf4 11.
exf4 O-O 12. Re1 d6 13. Bf3 Qf6 14. Ne4 Qxb2 15. Nxc5 dxc5 16. Re2 Qb4 17. Qb3 c6 18. Qxb4 cxb4 19. Rb2 a5 20. a3 bxa3 21. Rxa3 Re8 22. g3 Bh3 23. Rb1 Re7 24. Bg2 Bf5 25. Rd1 Rae8 26.
Raa1 Bc2 27. Rdc1 Bb3 28. c5 a4 29. Bf1 Rd8 30. Bc4 Red7 31. Bxb3 axb3 32. Rab1 Rd3 33. Kg2 f6 34. h4 Kf7 35. g4 R8d4 36. f3 Rd2+ 37.
Kg3 Rc2 38. Re1 Rdd2 39. Rg1 b2 40. g5 f5 41. h5 g6 42. h6 Rd3 43. Rg2 Rxg2+ 44.
Kxg2 Rd2+ 45. Kg3 Rc2 46. Kh3 Ke6 47. Kg3 Kd5 48. Kh3 Kc4 49. Kg3 Kb3 50. Re1 Rc1 51.
Re3+ Ka2 52. Re2 Ka1 53. Re3 b1=Q 54. Ra3+ Kb2 0-1

[Event "Live Chess"]
[Site "Chess.com"]
[Date "2024.06.01"]
[Round "-"]
[White "Queensandpawns"]
[Black "nigelst"]
[Result "1-0"]
[WhiteElo "2434"]
[BlackElo "1672"]
[TimeControl "300"]
[EndTime "11:39:41 PDT"]
[Termination "Queensandpawns won by resignation"]

1. e4 c6 2. d4 d5 3. Nc3 dxe4 4.
Nxe4 Bf5 5. Ng5 h6 6. Nxf7 Kxf7 7. Nf3 Nf6 8. Bc4+ Ke8 9. Ne5 e6 10. g4 Be4 11. f3 Bd5 12. Qd3 Bxc4 13. Qg6+ Ke7 14.
Qf7+ Kd6 15. Bf4 Kd5 16. b3 Bb4+ 17. Kf2 Bb5 18. c4+ Bxc4 19. bxc4+ Kxd4 20. Rad1+ 1-0

[Event "Live Chess"]
[Site "Chess.com"]
[Date "2024.06.01"]
[Round "-"]
[White "Nazar-Makarchuk"]
[Black "kylet1990"]
[Result "1-0"]
[WhiteElo "1570"]
[BlackElo "740"]
[TimeControl "300"]
[EndTime "11:39:58 PDT"]
[Termination "Nazar-Makarchuk won by checkmate"]

1. e4 c6 2. d4 d5 3. exd5 cxd5 4. c4 Bf5 5. cxd5 Qxd5 6. Nf3 Nf6 7. Bd3 Bxd3 8. Qxd3 Nc6 9. O-O Nb4 10. Qb3 Qxb3 11. axb3 Nc2 12. Ra4 O-O-O 13. Rc4+ Kb8 14. Rxc2 e6 15.
Bg5 Be7 16. Nc3 h6 17. Bxf6 Bxf6 18. Ne4 Bxd4 19. Nxd4 Rxd4 20. f3 Rb4 21. Rc3 Rd8 22.
Rfc1 f5 23. Nc5 Rbd4 24. Nxe6 Rd1+ 25. Rxd1 Rxd1+ 26. Kf2 Rb1 27. Rc2 Rd1 28. Nxg7 Rd7 29. Nxf5 h5 30. Ng3 h4 31. Nf5 Rh7 32. h3 a6 33. Rc4 Rd7 34. Rxh4 Rd2+ 35. Kg3 Rxb2 36.
Rb4 a5 37. Rb5 Ka7 38. Nd6 b6 39. Nc8+ Ka6 40. Rxb6# 1-0

[Event "Live Chess"]
[Site "Chess.com"]
[Date "2024.06.01"]
[Round "-"]
[White "chessfiction"]
[Black "willc-h99"]
[Result "1-0"]
[WhiteElo "2418"]
[BlackElo "2619"]
[TimeControl "300"]
[EndTime "11:40:07 PDT"]
[Termination "chessfiction won on time"]

1. e4 c6 2. d4 d5 3. exd5 cxd5 4. Bd3 Nc6 5. c3 e6 6. Nf3 Bd6 7. O-O Nge7 8. Qc2 Ng6 9. Re1 Qc7 10. Na3 a6 11.
Bg5 h6 12. Bxg6 hxg5 13. Nxg5 fxg6 14. Qxg6+ Kf8 15. Rxe6 Bxh2+ 16. Kf1 Bxe6 17. Nxe6+ Ke7 18. Nxc7 Bxc7 19. Re1+ Kd8 20. Qxg7 Rh1+ 21. Ke2 Rxe1+ 22. Kxe1 Kc8 23. Qg8+ Nd8 24. Qxd5 Ra7 25. Nc4 b5 26. Nd6+ Kb8 27. f4 Bxd6 28. Qxd6+ Kc8 29. g4 Rc7 30. g5 Nf7 31. Qxa6+ Kd8 32. Qxb5 Nd6 33. Qb6 Kc8 34.
Qxc7+ Kxc7 35. g6 Nf5 36. a4 Kb6 37. b4 Kc6 38. a5 Kb5 39. Kd2 Kc6 40. Kd3 Kd5 41. c4+ Kc6 42. a6 Kb6 43. b5 Ka7 44. c5 Ne7 45. g7 Ng8 46. d5 Ne7 47. Kc4 Ka8 48. f5 Ng8 49. b6 1-0

[Event "Live Chess"]
[Site "Chess.com"]
[Date "2024.06.01"]
[Round "-"]
[White "Cruiseylee78"]
[Black "Dhaydon19"]
[Result "0-1"]
[WhiteElo "1702"]
[BlackElo "2685"]
[TimeControl "300"]
[EndTime "11:40:17 PDT"]
[Termination "Dhaydon19 won by resignation"]

1. d4 c6 2. Bf4 d5 3. e3 Nf6 4.
Nf3 g6 5. Bd3 Bg7 6. Nbd2 O-O 7.
c3 Nbd7 8. Qc2 Re8 9. O-O-O Ng4 10. Nb3 e5 11. Bg5 f6 12. h3 fxg5 13. hxg4 e4 14. Bxe4 dxe4 15. Nfd2 Nf6 16. f3 exf3 17. gxf3 Rxe3 18.
Rh3 Bxg4 19. Rg3 Bf5 0-1

[Event "Live Chess"]
[Site "Chess.com"]
[Date "2024.06.01"]
[Round "-"]
[White "gobbles19"]
[Black "OurKnightAtTheOpera"]
[Result "1-0"]
[WhiteElo "2204"]
[BlackElo "2025"]
[TimeControl "300"]
[EndTime "11:40:18 PDT"]
[Termination "gobbles19 won by resignation"]

1. e4 d5 2. exd5 Nf6 3. Bb5+ Bd7 4. Be2 Nxd5 5. d4 Bf5 6. Nf3 e6 7. c4 Nb4 8. Na3 Nd7 9. O-O Be7 10. Bf4 c6 11. Qb3 O-O 12. Rac1 a5 13. c5 Nd5 14. Bd2 Qc7 15. g3 Bh3 16. Rfe1 e5 17. Nxe5 Nxe5 18.
dxe5 a4 19. Qc2 Qxe5 20. Bg4 Qxe1+ 21. Rxe1 Bxg4 22. Qc4 Be6 23. Qc1 Rfd8 24. Bg5 Nf6 25. Nc4 Rd5 26. Bxf6 gxf6 27. Nb6 Rxc5 28. Qxc5 Bxc5 29.
Nxa8 Bb4 30. Re4 Ba5 31. Rxa4 Bd8 32. Ra7 Bc8 33. Nb6 Bxb6 34. Ra8 Kg7 35. Rxc8 Bd4 36. b3 f5 37. Rc7 Kf6 38. Rxb7 Ke6 39. a4 h6 40. Kg2 Bc3 41. b4 f6 42. a5 Kd6 43. a6 Bd4 44. a7 Bxa7 45. Rxa7 c5 46.
bxc5+ Kxc5 47. Rf7 1-0

[Event "Live Chess"]
[Site "Chess.com"]
[Date "2024.06.01"]
[Round "-"]
[White "Mangoalo"]
[Black "Yegorych"]
[Result "0-1"]
[WhiteElo "1022"]
[BlackElo "1630"]
[TimeControl "300"]
[EndTime "11:40:36 PDT"]
[Termination "Yegorych won by checkmate"]

1. e4 d5 2. Nf3 dxe4 3. Ne5 Nf6 4. Qe2 Bf5 5. Nc3 Nc6 6. Nxc6 bxc6 7. g4 Bxg4 8. Qe3 e5 9. Nxe4 Bd6 10. d4 exd4 11. Nxd6+ Kf8 12. Nxf7 Kxf7 13. Bc4+ Kf8 14. Qa3+ Qd6 15.
b4 Re8+ 16. Kd2 Qf4+ 17. Kd3 Bf5# 0-1

[Event "Live Chess"]
[Site "Chess.com"]
[Date "2024.06.01"]
[Round "-"]
[White "MellowAesthetic"]
[Black "Crowded_House"]
[Result "1-0"]
[WhiteElo "2076"]
[BlackElo "1753"]
[TimeControl "300"]
[EndTime "11:40:38 PDT"]
[Termination "MellowAesthetic won by resignation"]

1. e4 e6 2. d4 d5 3. Nd2 dxe4 4.
Nxe4 Bd7 5. Nf3 Bc6 6. Bd3 Nf6 7. Nxf6+ Qxf6 8. Ne5 Bxg2 9. Rg1 Bh3 10. Bg5 Bg4 11.
Qxg4 Be7 12. Bxf6 Bxf6 13. O-O-O 1-0

[Event "Live Chess"]
[Site "Chess.com"]
[Date "2024.06.01"]
[Round "-"]
[White "Brooms1989"]
[Black "koekoekoe"]
[Result "0-1"]
[WhiteElo "1096"]
[BlackElo "2068"]
[TimeControl "300"]
[EndTime "11:40:43 PDT"]
[Termination "koekoekoe won by resignation"]

1. e4 d5 2. exd5 Qxd5 3. d4 Nf6 4. c4 Qd8 5. Nf3 Bg4 6. Be2 e6 7. h3 Bh5 8. Nc3 c6 9. O-O Nbd7 10. Ne5 Bxe2 11.
Nxe2 Bd6 12. Nxd7 Qxd7 13. c5 Bc7 14. b4 O-O-O 15. a4 e5 16. a5 exd4 17. a6 b6 18. Bg5 h6 19. cxb6 Bxb6 20. Bf4 Nd5 21. Be5 Nf6 22. Qc1 d3 23. Ng3 d2 24. Qc2 Qd5 25.
Qf5+ Qd7 26. Qc2 Nd5 27. b5 c5 28. Ne4 Nb4 29. Nd6+ Qxd6 30. Bxd6 Nxc2 0-1

[Event "Live Chess"]
[Site "Chess.com"]
[Date "2024.06.01"]
[Round "-"]
[White "JavaidMiah"]
[Black "RamsayFlayer"]
[Result "0-1"]
[WhiteElo "1182"]
[BlackElo "1953"]
[TimeControl "300"]
[EndTime "11:40:44 PDT"]
[Termination "RamsayFlayer won on time"]

1. c4 e5 2. Nc3 Nf6 3. g3 d5 4.
cxd5 Nxd5 5. Bg2 Nxc3 6. bxc3 c6 7. Nf3 Bd6 8. O-O O-O 9. Rb1 Nd7 10. e4 Nb6 11. d3 Bg4 12. d4 f5 13. exf5 Rxf5 14. h3 Bxf3 15. Bxf3 Qf8 16. Be4 Rf7 17. Qh5 g6 18. Bxg6 hxg6 19. Qxg6+ Rg7 20. Qe6+ Kh7 21. Bh6 Qe7 22. Qxe7 Rxe7 23. dxe5 Bxe5 24. Bg5 Rg7 25. Bd2 Nc4 26. Be1 Rd8 27. Rb4 b5 28. Kg2 Nd2 29.
Bxd2 Rxd2 0-1

[Event "Live Chess"]
[Site "Chess.com"]
[Date "2024.06.01"]
[Round "-"]
[White "grillage"]
[Black "Andysav3"]
[Result "0-1"]
[WhiteElo "1871"]
[BlackElo "1875"]
[TimeControl "300"]
[EndTime "11:40:46 PDT"]
[Termination "Andysav3 won by resignation"]

1. d4 Nf6 2. Nf3 e6 3. c4 d5 4. cxd5 exd5 5. Nc3 Be7 6. Bg5 O-O 7.
e3 Nbd7 8. Bd3 c5 9. Rc1 b6 10. O-O Bb7 11. Bf4 Ne4 12. Nb5 a6 13. Nd6 Nxd6 14.
dxc5 bxc5 15. Ne5 Nxe5 16. Bxe5 Bf6 17. Bf4 Rc8 18. Qh5 g6 19. Qxd5 Bxd5 0-1

[Event "Live Chess"]
[Site "Chess.com"]
[Date "2024.06.01"]
[Round "-"]
[White "IanCalvert2"]
[Black "MaksymYurii"]
[Result "1-0"]
[WhiteElo "1513"]
[BlackElo "934"]
[TimeControl "300"]
[EndTime "11:40:55 PDT"]
[Termination "IanCalvert2 won on time"]

1. b3 e5 2. Bb2 Nc6 3. e3 Nf6 4. Nf3 Be7 5. Nxe5 Nxe5 6. Bxe5 d6 7. Bb2 Ne4 8. Be2 Bf6 9. Qc1 Bxb2 10. Qxb2 O-O 11. O-O Nf6 12. Bf3 Bg4 13. Bxg4 Nxg4 14. h3 Nh6 15. Nc3 Nf5 16. Nd5 Nh4 17. f4 c6 18. Nc3 Qf6 19. Rab1 Qg6 20. Kh2 Nf5 21. g4 Nh6 22. Ne2 Nxg4+ 23. hxg4 Qxg4 24. Ng3 h5 25.
Rg1 h4 26. Nf5 Qe2+ 27. Rg2 Qxg2+ 28. Kxg2 f6 29. Kh3 Kf7 30. Nxd6+ Kg6 31. Rg1+ Kh7 32.
Qd4 Rad8 33. Qe4+ Kh8 34. Nf5 Rde8 35. Qf3 Rf7 36. Nxh4 g5 37. Ng6+ Kg7 38. f5 1-0